 Dungeon Crawl Stone Soup version 0.29.1-15-g9cfb28693d (webtiles) character file.

Game seed: 13637560447390411726

0 Madmarshman the Chopper (level 1, -2/19 HPs)
             Began as a Minotaur Berserker on Apr 6, 2023.
             Was a Follower of Trog.
             Killed from afar by a dart slug (3 damage)
             ... with a slug dart
             ... on level 1 of the Dungeon.
             The game lasted 00:00:19 (31 turns).

Madmarshman the Chopper (Minotaur Berserker)          Turns: 31, Time: 00:00:19

Health: -2/19      AC:  2    Str: 21    XL:     1   Next: 0%
Magic:  0/0        EV: 12    Int:  4    God:    Trog [*.....]
Gold:   0          SH:  0    Dex:  9    Spells: 0/0 levels left

rFire   . . .      SeeInvis .   a - +0 hand axe
rCold   . . .      Faith    .   (no shield)
rNeg    . . .      Spirit   .   b - +0 animal skin
rPois   .          Reflect  .   (helmet restricted)
rElec   .          Harm     .   (no cloak)
rCorr   .          Rampage  .   (no gloves)
Will    .....                   (no boots)
Stlth   +.........              (no amulet)
HPRegen 0.06/turn               (no ring)
MPRegen 0.07/turn               (no ring)

@: no status effects
A: horns 2, retaliatory headbutt
a: Renounce Religion, Berserk


You were on level 1 of the Dungeon.
You worshipped Trog.
Trog was aware of your devotion.
You visited 1 branch of the dungeon, and saw 1 of its levels.

Inventory:

Hand Weapons
 a - a +0 hand axe (weapon)
Armour
 b - a +0 animal skin (worn)


   Skills:
 + Level 3.6 Fighting
 + Level 3.6 Axes
 + Level 2.4 Armour
 + Level 2.1 Dodging


You couldn't memorise any spells.
You didn't know any spells.
Your spell library was empty.

Dungeon Overview and Level Annotations

Branches:
Dungeon (1/15)

Altars:

Shops:
D:1 (


Innate Abilities, Weirdness & Mutations

You have a pair of horns on your head.
You reflexively headbutt those who attack you in melee.


Message History

Found a scroll labelled MYL QEOMUBESOD and 13 gold pieces.
The hobgoblin shouts!
You hear an angry hiss.
You hear a shout!
A ball python comes into view.
An endoplasm comes into view.
Found 7 gold pieces.
Found Xuoll's Antique Weapon Shop.
The endoplasm quivers.
A rat comes into view.
A kobold comes into view. It is wielding a +0 short sword.
The kobold shouts!
The dart slug launches a dart at you. The slug dart hits you.
The hobgoblin barely misses you.
You hit the kobold.
The kobold is moderately wounded.
You completely miss the hobgoblin. The hobgoblin hits you.
The kobold barely misses you.
You hit the kobold but do no damage.
The kobold is moderately wounded.
You hit the hobgoblin. The ball python bites you. The ball python misses you.
The hobgoblin hits you.
The kobold hits you with a +0 short sword.
You completely miss the kobold. Your headbutt misses the kobold.
The kobold is moderately wounded.
You hit the hobgoblin. You hit the ball python. The ball python bites you.
* * * LOW HITPOINT WARNING * * *
The ball python closely misses you. The kobold hits you but does no damage.
The hobgoblin hits you.
* * * LOW HITPOINT WARNING * * *
You hit the kobold.
You kill the kobold!
Trog accepts your kill.
You hit the ball python. You hit the hobgoblin.
You kill the hobgoblin!
Trog accepts your kill. The ball python closely misses you.
You furiously retaliate!
You headbutt the ball python!
You kill the ball python!
Trog accepts your kill. The dart slug launches a dart at you.
The slug dart hits you.
You die...

#...#...#.#
##.⌠.###.#.#
.......#.#.#
.⌠.<.⌠.'...##
.......#.#..###
##.⌠.###.##...####.#.
#...#......#.......w###
#####...#...######.....
...........†@)w.∩...
########....####.#..
##.#..?.. #.###..$. #.#
.#..# #.. . .# #.r ## .
$..S


You could see a dart slug.

Vanquished Creatures
  A ball python (D:1)
  A hobgoblin (D:1)
  A kobold (D:1)
3 creatures vanquished.

Notes
Turn   | Place    | Note
-------+----------+-------------------------------------------
     0 | D:1      | Madmarshman the Minotaur Berserker began the quest for the
                  | Orb.
     0 | D:1      | Reached XP level 1. HP: 19/19 MP: 0/0
    24 | D:1      | Found Xuoll's Antique Weapon Shop.
    31 | D:1      | Killed from afar by a dart slug

Illustrated notes

Levels and vault maps discovered:
D:1:      dpeg_arrival_simpleton_c, layout_rooms, ebering_ecumenical_altar_hall,
          serial_shops, shop_statue, nicolae_shop_bloodbath_and_beyond, shop,
          nicolae_shop_window_shopping, minmay_box_of_dots

Action                   || total
-------------------------++-------
Melee: Hand axe          ||     4
Armor: Animal skin       ||     1
Dodge: Dodged            ||     5
